 Dungeon Crawl Stone Soup version 0.26.1-10-gdfb7c7de75 (webtiles) character file.

Game seed: 13999368794137385901

191 lenonis the Cudgeller (level 5, -1/53 HPs)
             Began as a Troll Berserker on Apr 4, 2021.
             Slain by a polar bear (17 damage)
             ... created by the rage of Trog
             ... on level 3 of the Dungeon.
             The game lasted 00:14:44 (1480 turns).

lenonis the Cudgeller (Troll Berserker)             Turns: 1480, Time: 00:14:44

Health: -1/53      AC:  6    Str: 26    XL:     5   Next: 42%
Magic:  5/5        EV: 11    Int:  3    God:
Gold:   96         SH:  0    Dex:  9    Spells: 5/5 levels left

rFire    . . .     SeeInvis .   a - +0 mace
rCold    . . .     Faith    .   (no shield)
rNeg     . . .     Spirit   .   b - +0 animal skin
rPois    .         Reflect  .   (helmet restricted)
rElec    .         Harm     .   (no cloak)
rCorr    .         Rampage  .   (gloves unavailable)
Will     .....                  (boots unavailable)
Stlth    +.........             (no amulet)
HPRegen  0.57/turn              (no ring)
MPRegen  0.09/turn              (no ring)

@: no status effects
A: large, unfitting armour, claws 3, regeneration 1, shaggy fur 1, tough skin 3
a: no special abilities


You were on level 3 of the Dungeon.
You visited 1 branch of the dungeon, and saw 3 of its levels.

You collected 96 gold pieces.

Inventory:

Hand Weapons
 a - a +0 mace (weapon)
 h - a +0 dagger
 j - a +0 club
 k - a +0 club
 l - a +0 club
 m - a +0 dagger
 n - a +0 flail
 o - a +0 mace
 p - a +0 dagger
 r - a +0 dagger
 s - a +0 club
 v - a +0 club
 w - a +0 hunting sling
Missiles
 d - 281 stones (quivered)
 e - 53 arrows
 i - 33 bolts
 t - 21 poisoned darts
Armour
 b - a +0 animal skin (worn)
 c - a +0 helmet
 f - a +0 pair of gloves
 q - a +0 robe
 u - a +0 kite shield of poison resistance
Scrolls
 x - 4 scrolls of remove curse


   Skills:
 + Level 3.4 Fighting
 + Level 1.2(1.5) Short Blades
 + Level 1.2(1.5) Long Blades
 + Level 1.5(3.1) Axes
 + Level 4.2(4.6) Maces & Flails
 + Level 1.2(1.9) Polearms
 + Level 1.2(2.9) Staves
 + Level 1.3(1.6) Slings
 + Level 1.0 Bows
 + Level 1.0 Crossbows
 + Level 1.5(2.0) Throwing
 + Level 1.2 Armour
 + Level 3.5 Dodging
 + Level 1.5 Stealth
 + Level 1.2 Shields
 + Level 1.5 Unarmed Combat
 + Level 0.8 Spellcasting
 + Level 1.3 Conjurations
 + Level 1.0 Hexes
 + Level 1.1 Summonings
 + Level 1.2 Necromancy
 + Level 1.1 Translocations
 + Level 1.1 Transmutations
 + Level 1.1 Fire Magic
 + Level 1.1 Ice Magic
 + Level 1.5 Air Magic
 + Level 1.3 Earth Magic
 + Level 1.1 Poison Magic
 + Level 1.3 Invocations
 + Level 1.1 Evocations


You had 5 spell levels left.
You didn't know any spells.
Your spell library was empty.

Dungeon Overview and Level Annotations

Branches:
Dungeon (3/15)

Altars:

Annotations:
D:3 Grinder


Innate Abilities, Weirdness & Mutations

You are too large for most types of armour.
You have claws for hands.
Your natural rate of healing is unusually fast.
You are covered in fur. (AC +1)
You have extremely tough skin. (AC +3)


Message History

You aren't carrying any potions.
As you read the scroll labelled WAUSKEPHIE, it crumbles to dust.
It is a scroll of amnesia.
You feel forgetful for a moment.
Grinder says, "DUCK!"
Really attack while wielding your +0 hunting sling? [Y]es or [N]o only, please.
Really attack while wielding your +0 hunting sling?
Okay, then.
a - a +0 mace (weapon)
You barely miss the black bear. The polar bear bites you!!
The polar bear claws you.
The polar bear claws you but does no damage.
The polar bear rages.
The black bear barely misses you.
The black bear claws you but does no damage.
The black bear claws you.
The polar bear rages.
Grinder rolls her eyes.
Grinder hits you but does no damage. The polar bear bites you!
You die...

...#......#
#####
...#...#######
..+..........
###.#....#....
...#.##.# #####
#.......#......
#.#r##.!.......
#.h.h...#......
#.h@5..........
##.hh##.##.....
#.#l##.# .....
#.....#.# ..(#
#####.#.# ...#
...# ...# ...#


You could see 4 polar bears, Grinder, a black bear (berserk), a frilled lizard
and a rat.

Vanquished Creatures
  An orc wizard (D:2)
  An adder (D:2)
  2 oozes
  3 worms (D:2)
  A dart slug (D:2)
  A leopard gecko (D:2)
  3 orcs (D:2)
  A ball python (D:2)
  8 bats
  2 giant cockroaches
  5 goblins
  6 hobgoblins
  A quokka (D:2)
  2 frilled lizards
  3 kobolds
  2 rats (D:2)
42 creatures vanquished.

Notes
Turn   | Place    | Note
-------+----------+-------------------------------------------
     0 | D:1      | lenonis the Troll Berserker began the quest for the Orb.
     0 | D:1      | Reached XP level 1. HP: 22/22 MP: 0/0
   378 | D:1      | Reached XP level 2. HP: 27/29 MP: 1/1
   857 | D:2      | Reached skill level 3 in Maces & Flails
   857 | D:2      | Reached XP level 3. HP: 37/37 MP: 2/2
   905 | D:2      | Reached ** piety under Trog
   910 | D:2      | Reached XP level 4. HP: 26/45 MP: 3/3
  1184 | D:2      | Fell from the grace of Trog
  1184 | D:2      | Reached skill level 1 in Short Blades
  1184 | D:2      | Reached skill level 1 in Long Blades
  1184 | D:2      | Reached skill level 1 in Axes
  1184 | D:2      | Reached skill level 4 in Maces & Flails
  1184 | D:2      | Reached skill level 1 in Polearms
  1184 | D:2      | Reached skill level 1 in Staves
  1184 | D:2      | Reached skill level 1 in Slings
  1184 | D:2      | Reached skill level 1 in Bows
  1184 | D:2      | Reached skill level 1 in Crossbows
  1184 | D:2      | Reached skill level 1 in Throwing
  1184 | D:2      | Reached skill level 1 in Armour
  1184 | D:2      | Reached skill level 1 in Stealth
  1184 | D:2      | Reached skill level 1 in Shields
  1184 | D:2      | Reached skill level 1 in Unarmed Combat
  1184 | D:2      | Reached skill level 1 in Conjurations
  1184 | D:2      | Reached skill level 1 in Hexes
  1184 | D:2      | Reached skill level 1 in Summonings
  1184 | D:2      | Reached skill level 1 in Necromancy
  1184 | D:2      | Reached skill level 1 in Translocations
  1184 | D:2      | Reached skill level 1 in Transmutations
  1184 | D:2      | Reached skill level 1 in Fire Magic
  1184 | D:2      | Reached skill level 1 in Ice Magic
  1184 | D:2      | Reached skill level 1 in Air Magic
  1184 | D:2      | Reached skill level 1 in Earth Magic
  1184 | D:2      | Reached skill level 1 in Poison Magic
  1184 | D:2      | Reached skill level 1 in Invocations
  1184 | D:2      | Reached skill level 1 in Evocations
  1184 | D:2      | Reached XP level 5. HP: 53/53 MP: 3/5
  1456 | D:3      | Noticed Grinder
  1466 | D:3      | Paralysed by Grinder for 5 turns
  1473 | D:3      | Paralysed by Grinder for 4 turns
  1478 | D:3      | Noticed a polar bear
  1478 | D:3      | Noticed a polar bear
  1478 | D:3      | Noticed a polar bear
  1478 | D:3      | Noticed a black bear
  1478 | D:3      | Noticed a polar bear
  1480 | D:3      | Slain by a polar bear

Illustrated notes

Levels and vault maps discovered:
D:1:      dpeg_arrival_solitude, layout_basic, supply_closet_lemuel,
          corexii_leaking_fountain, lemuel_another_geyser
D:2:      layout_basic
D:3:      layout_basic, uniq_robin, uniq_grinder

Skill      XL: |  1  2  3  4 |
---------------+-------------+-----
Fighting       | 3 |  3.4
Maces & Flails | 3 4 |  4.2
Dodging        | 3 |  3.5
Short Blades   | 1 |  1.2
Long Blades    | 1 |  1.2
Axes           | 1 |  1.5
Polearms       | 1 |  1.2
Staves         | 1 |  1.2
Slings         | 1 |  1.3
Bows           | 1 |  1.0
Crossbows      | 1 |  1.0
Throwing       | 1 |  1.5
Armour         | 1 |  1.2
Stealth        | 1 |  1.5
Shields        | 1 |  1.2
Unarmed Combat | 1 |  1.5
Conjurations   | 1 |  1.3
Hexes          | 1 |  1.0
Summonings     | 1 |  1.1
Necromancy     | 1 |  1.2
Translocations | 1 |  1.1
Transmutations | 1 |  1.1
Fire Magic     | 1 |  1.1
Ice Magic      | 1 |  1.1
Air Magic      | 1 |  1.5
Earth Magic    | 1 |  1.3
Poison Magic   | 1 |  1.1
Invocations    | 1 |  1.3
Evocations     | 1 |  1.1
Spellcasting   | |  0.8

Action                   |  1- 3 |  4- 6 || total
-------------------------+-------+-------++-------
Melee: Mace              |    70 |    20 ||    90
       Hunting sling     |       |     1 ||     1
 Fire: Hunting sling     |       |    33 ||    33
Throw: Stone             |    20 |       ||    20
Invok: Berserk           |     1 |       ||     1
  Use: Scroll            |     3 |     1 ||     4
       Potion            |     3 |     4 ||     7
 Stab: Sleeping          |     1 |       ||     1
Armor: Animal skin       |    46 |    17 ||    63
Dodge: Dodged            |    42 |    17 ||    59
